 Dungeon Crawl Stone Soup version 0.31.0-32-g396128a36d (webtiles) character file.

Game seed: 8956650900234964607

219 Gabide the Poker (level 5, 0/45 HPs)
             Began as a Draconian Reaver on Apr 21, 2024.
             Slain by a gnoll
             ... wielding a +0 halberd
              (4 damage)
             ... on level 3 of the Dungeon.
             The game lasted 00:06:31 (2067 turns).

Gabide the Poker (Draconian Reaver)                 Turns: 2067, Time: 00:06:32

Health: 0/45       AC: 10    Str: 14    XL:     5   Next: 63%
Magic:  9/9        EV: 12    Int: 28    God:
Gold:   82         SH:  0    Dex:  9    Spells: 6/9 levels left

rFire   . . .        a - +0 spear (drain)
rCold   . . .        (no shield)
rNeg    . . .        (body armour unavailable)
rPois   .            (helmet restricted)
rElec   .            l - +2 cloak of Zeocsep {Slay+3}
rCorr   .            g - +1 pair of gloves
SInv    .            (no boots)
Will    .....        (no amulet)
Stlth   +            n - +6 ring of intelligence
HPRegen 0.27/turn    i - +6 ring of intelligence
MPRegen 0.11/turn

%: no passive effects
@: no status effects
A: AC +5, unfitting armour, cold-blooded
a: no special abilities


You were on level 3 of the Dungeon.
You visited 1 branch of the dungeon, and saw 3 of its levels.

You collected 82 gold pieces.

Inventory:

Hand Weapons
 a - a +0 spear of draining (weapon)
Armour
 g - a +1 pair of gloves (worn)
 l - the +2 cloak of Zeocsep (worn) {Slay+3}
   (You found it on level 3 of the Dungeon)

   Slay+3:    It affects your accuracy & damage with ranged weapons and melee
   (+3).
Jewellery
 b - a ring of protection from cold
 h - a ring of positive energy
 i - a +6 ring of intelligence (right hand)
 n - a +6 ring of intelligence (left hand)
Scrolls
 m - a scroll of blinking {unknown}
Potions
 c - a potion of invisibility {unknown}
 d - a potion of enlightenment
 e - a potion of lignification {unknown}
 f - a potion of heal wounds {unknown}
 j - a potion of attraction {unknown}
 k - a potion of cancellation {unknown}


   Skills:
 + Level 3.5 Fighting
 * Level 4.6 Polearms
 + Level 2.8 Dodging
 + Level 2.9 Spellcasting
 - Level 3.0 Conjurations


You had 6 spell levels left.
You knew the following spells:

 Your Spells              Type           Power      Damage    Failure   Level
a - Kiss of Death         Conj/Necr      48%        2d9       4%          1
b - Momentum Strike       Conj/Tloc      24%        3d8       7%          2

Your spell library contained the following spells:

 Spells                   Type           Power      Damage    Failure   Level
 Apportation              Tloc           8%         N/A       9%          1
 Jinxbite                 Hex            8%         N/A       13%         2
 Mercury Vapours          Alch/Air       8%         N/A       13%         2
 Hailstorm                Conj/Ice       12%        3d6       14%         3
 Mephitic Cloud           Conj/Alch/Air  9%         N/A       17%         3
 Freezing Cloud           Conj/Ice/Air   4%         6-21      83%         5
 Alistair's Intoxication  Alch           2%         N/A       93%         5


Dungeon Overview and Level Annotations

Branches:
Dungeon (3/15)

Altars:
Zin

Shops:
D:2 [

Annotations:
D:3 1 runed translucent door


Innate Abilities, Weirdness & Mutations

Your plain brown scales are hard. (AC +5)
You cannot fit into any form of body armour.
You are cold-blooded and may be slowed by cold attacks.


Message History

You are too injured to fight recklessly!
You are too injured to fight recklessly!
You are too injured to fight recklessly!
You are too injured to fight recklessly!
You are too injured to fight recklessly!
You are too injured to fight recklessly!
You are too injured to fight recklessly!
You are too injured to fight recklessly!
You are too injured to fight recklessly!
You are too injured to fight recklessly!
You are too injured to fight recklessly!
You are too injured to fight recklessly!
You are too injured to fight recklessly!
You are too injured to fight recklessly!
You are too injured to fight recklessly!
Okay, then.
Okay, then.
You aren't carrying any items that you can evoke.
You hit the gnoll.
The gnoll is severely wounded.
The gnoll closely misses you.
The gnoll hits you but does no damage. x2
You hit the gnoll.
Your tail-slap misses the gnoll.
The gnoll is almost dead.
The gnoll hits you from afar with a +0 halberd.
The gnoll hits you with a +0 flail of holy wrath!
* * * LOW HITPOINT WARNING * * *
The gnoll completely misses you.
You puncture the gnoll!
You kill the gnoll!
The gnoll hits you from afar with a +0 halberd!
* * * LOW HITPOINT WARNING * * *
The gnoll hits you but does no damage. The gnoll closely misses you.
You see here a +0 flail of holy wrath.
The gnoll hits you but does no damage.
Okay, then.
The gnoll hits you but does no damage. The gnoll attacks as it pursues you!
The gnoll hits you from afar with a +0 halberd.
You die...

##### #>... ########### ###....
###### #.......... ....... #.)..#
#..........
g......##.##g##########..........
.................................
#####............................
.............g..................
................@................
.................................
.........................[.......
...............................##
...............................#
........................#
.......................#
................[.....#
......................#


You could see 2 gnolls.

Vanquished Creatures
  The ghost of CapUranus the Trooper, a weakling HOFi (D:3)
  Terence (D:2)
  2 gnolls (D:3)
  4 adders
  2 river rats (D:3)
  A dart slug (D:2)
  2 bats
  10 endoplasms
  5 giant cockroaches
  6 goblins
  5 hobgoblins
  5 jackals
  5 quokkas
  4 ball pythons
  3 frilled lizards (D:1)
  4 kobolds
  8 rats
68 creatures vanquished.

Notes
Turn   | Place    | Note
-------+----------+-------------------------------------------
     0 | D:1      | Gabide the Draconian Reaver began the quest for the Orb.
     0 | D:1      | Reached XP level 1. HP: 17/17 MP: 3/3
   156 | D:1      | Reached XP level 2. HP: 25/25 MP: 5/5
   605 | D:1      | Reached XP level 3. HP: 23/30 MP: 6/6
   829 | D:2      | Noticed Terence
   839 | D:2      | Killed Terence
   840 | D:2      | Reached XP level 4. HP: 23/37 MP: 7/7
  1124 | D:2      | Found Gisaloff's Armour Shop.
  1130 | D:2      | Reached skill level 4 in Polearms
  1217 | D:2      | Found a glowing silver altar of Zin.
  1225 | D:2      | Learned a level 2 spell: Momentum Strike
  1659 | D:3      | Identified the +2 cloak of Zeocsep {Slay+3}
  1791 | D:3      | Found a runed translucent door.
  1792 | D:3      | Noticed CapUranus's ghost (weakling HOFi)
  1807 | D:3      | Killed CapUranus's ghost
  1808 | D:3      | Reached XP level 5. HP: 17/45 MP: 5/9
  1917 | D:3      | Found a runed translucent door.
  2067 | D:3      | Slain by a gnoll

Illustrated notes

Levels and vault maps discovered:
D:1:      nicolae_arrival_memento_mori, layout_basic
D:2:      layout_loops_ring, basic_altar, serial_shops, shop, uniq_terence
D:3:      layout_basic, ebering_ghost_sewer_f, minmay_box_of_dots

Skill      XL: |  1  2  3  4 |
---------------+-------------+-----
Dodging        | 2 |  2.8
Fighting       | 3 |  3.5
Polearms       | 4 |  4.6
Spellcasting   | |  2.9
Conjurations   | |  3.0

Action                     |  1- 3 |  4- 6 || total
---------------------------+-------+-------++-------
  Melee: Spear             |   131 |   118 ||   249
         Tailslap          |    12 |     8 ||    20
         Punch             |     1 |     1 ||     2
   Cast: Momentum Strike   |       |     1 ||     1
    Use: Scroll            |     2 |     2 ||     4
   Stab: Sleeping          |     1 |       ||     1
 Armour: Skin              |    44 |    62 ||   106
  Dodge: Dodged            |    65 |    70 ||   135
